 Dungeon Sprint DCSS version 0.31.0-32-g396128a36d (webtiles) character file.

Game seed: 4456927045593238529

8654 Heoruswealwe the Phalangite (level 11, -1/113 (116) HPs)
             Began as a Minotaur Fighter on Mar 13, 2024.
             Was an Initiate of Gozag.
             Slain by an ice devil (8 damage)
             ... summoned by an orc high priest
             ... in the Dungeon (Sprint IX: "|||||||||||||||||||||||||||||").
             The game lasted 00:08:43 (1076 turns).

Heoruswealwe the Phalangite (Minotaur Fighter)      Turns: 1076, Time: 00:08:43

HP:   -1/113 (116)  AC:  4    Str: 24    XL:     11   Next: 12%
MP:   8/10          EV: 10    Int:  5    God:    Gozag
Gold: 4806          SH:  0    Dex: 11    Spells: 10/10 levels left

rFire   + . .        b - +13 scythe of Curses {drain, curses, ^Drain}
rCold   + . .        (shield currently unavailable)
rNeg    . . .        c - +0 plate armour
rPois   +            (helmet restricted)
rElec   +            h - +0 cloak
rCorr   +            f - +0 pair of gloves
SInv    .            e - +0 pair of boots
Will    .....        (no amulet) Stlth
                     k - +2 ring of evasion
HPRegen 0.38/turn    j - +2 ring of protection
MPRegen 0.12/turn

%: no teleportation
@: mighty, resistant, corroded, hasted, lightly drained, very quick
A: horns 2, retaliatory headbutt
a: Renounce Religion, Potion Petition, Call Merchant, Bribe Branch


You were in the Dungeon.
You worshipped Gozag.
Gozag was most pleased with you.
You visited 1 branch You collected 4806 gold pieces.

Inventory:

Hand Weapons
 a - a +0 trident
 b - the +13 scythe of Curses (weapon) {drain, curses, ^Drain}
   (You found it in the Dungeon)

   ^Drain:    It drains your maximum health when unequipped.
Armour
 c - a +0 plate armour (worn)
 d - a +0 buckler
 e - a +0 pair of boots (worn)
 f - a +0 pair of gloves (worn)
 h - a +0 cloak (worn)
Jewellery
 j - a +2 ring of protection (right hand)
 k - a +2 ring of evasion (left hand)
Wands
 i - a wand of iceblast (10)
Scrolls
 n - 3 scrolls of blinking
 q - 2 scrolls of enchant armour
Potions
 l - 5 potions of curing
 p - a potion of mutation


   Skills:
 + Level 16.6 Fighting
 * Level 22.3 Polearms
 + Level 16.6 Armour
 - Level 3.6 Shields


You had 10 spell levels left.
You didn't know any spells.
Your spell library contained the following spells:

 Spells                   Type           Power      Damage    Failure   Level
 Foxfire                  Conj/Fire      0%         2x1d4     98%         1
 Plasma Beam              Fire/Air       0%         2x1d10    100%        6
 Starburst                Conj/Fire      0%         6d3       100%        6


Dungeon Overview and Level Annotations

Branches:
Dungeon (1/1)

Altars:
Cheibriados
Dithmenos
Elyvilon
Fedhas
Gozag
Hepliaklqana
Kikubaaqudgha
Makhleb
Nemelex Xobeh
Okawaru
Qazlal
Ru
Sif Muna
Trog
Uskayaw
Vehumet
Wu Jian
Xom
Yredelemnul
Zin
The Shining One
Jiyva
Lugonu


Innate Abilities, Weirdness & Mutations

You have a pair of horns on your head.
You reflexively headbutt those who attack you in melee.


Message History

The orc high priest hits you from afar with a +0 trident!
* * * LOW HITPOINT WARNING * * *
You feel much better.
The ice devil hits you but does no damage.
You feel very mighty all of a sudden.
The orc high priest hits you from afar with a +0 trident.
* * * LOW HITPOINT WARNING * * *
The ice devil closely misses you. You furiously retaliate!
You headbutt the ice devil.
You feel much better.
The orc high priest mumbles some strange prayers to Beogh.
You closely miss the ice devil.
You headbutt the ice devil, but do no damage.
The ice devil is heavily wounded.
The red devil disappears in a puff of smoke!
The ice devil hits you but does no damage.
You hit the ice devil but do no damage. Your headbutt misses the ice devil.
The ice devil is heavily wounded.
The orc high priest hits you from afar with a +0 trident!
You hit the ice devil.
The ice devil is heavily wounded.
The ice devil hits you. The ice devil freezes you!
* * * LOW HITPOINT WARNING * * *
The orc high priest closely misses you.
You closely miss the ice devil.
You headbutt the ice devil, but do no damage.
The ice devil is heavily wounded.
The ice devil hits you.
* * * LOW HITPOINT WARNING * * *
The ice devil freezes you!
* * * LOW HITPOINT WARNING * * *
You feel protected.
The orc high priest calls down the wrath of Beogh upon you.
Beogh smites you!
* * * LOW HITPOINT WARNING * * *
You feel better. The ice devil hits you.
* * * LOW HITPOINT WARNING * * *
The ice devil freezes you! You resist.
You die...
Your body crumbles into a pile of gold.

▓▓▓▓▓▓▓▓▓▓▓▓▓▓▓▓▓▓▓▓▓▓▓▓
.${$oo4@.............)..
▓▓▓▓▓▓▓▓▓▓▓▓▓▓▓▓▓▓▓▓▓▓▓▓▓▓▓▓▓▓▓▓▓
.................................
▓▓▓▓▓▓▓▓▓▓▓▓▓▓▓▓▓▓▓▓▓▓▓▓▓▓▓▓▓▓▓▓▓
..'.........'.........'....??[...
▓▓▓▓▓▓▓▓▓▓▓▓▓▓▓▓▓▓▓▓▓▓▓▓▓▓▓▓▓▓▓▓▓
.................................
▓▓▓▓▓▓▓▓▓▓▓▓▓▓▓▓▓▓▓▓▓▓▓▓▓▓▓▓▓▓▓▓▓
?!'________________________'.....


You could see an orc high priest, an ice devil (summoned) and an orc warrior.

Vanquished Creatures
  2 hydras (D)
  A skyshark (D)
  An orc knight (D)
  A deep elf pyromancer (D)
  An ugly thing (D)
  A cyclops (D)
  An elephant (D)
  2 cane toads (D)
  A komodo dragon (D)
  4 polar bears (D)
  A troll (D)
  A dream sheep (D)
  2 wraiths (D)
  3 yaks (D)
  2 wyverns (D)
  A basilisk (D)
  3 water moccasins (D)
  7 orc warriors (D)
  4 black bears (D)
  A wolf (D)
  2 bullfrogs (D)
  A scorpion (D)
  A killer bee (D)
  A howler monkey (D)
  A jelly (D)
  7 orc priests (D)
  A hound (D)
  A hell rat (D)
  3 orc wizards (D)
  5 orcs (D)
  2 ball pythons (D)
  An endoplasm (D)
  A hobgoblin (D)
  A quokka (D)
68 creatures vanquished.

Notes
Turn   | Place    | Note
-------+----------+-------------------------------------------
     0 | D        | Heoruswealwe the Minotaur Fighter began the quest for the
                  | Orb.
     0 | D        | Reached XP level 1. HP: 19/19 MP: 0/0
     7 | D        | Reached skill level 3 in Polearms
    17 | D        | Reached skill level 4 in Polearms
    23 | D        | Noticed a hound
    23 | D        | Noticed a scorpion
    23 | D        | Noticed a jelly
    28 | D        | Reached XP level 2. HP: 28/28 MP: 1/1
    35 | D        | Reached skill level 5 in Fighting
    35 | D        | Reached skill level 6 in Polearms
    35 | D        | Reached skill level 5 in Armour
    35 | D        | Reached XP level 3. HP: 36/36 MP: 2/2
    37 | D        | Killed a scorpion
    38 | D        | Reached skill level 7 in Polearms
    38 | D        | Reached XP level 4. HP: 45/45 MP: 3/3
    43 | D        | Reached skill level 8 in Polearms
    49 | D        | Found a snail-covered altar of Cheibriados.
    49 | D        | Found a shadowy altar of Dithmenos.
    49 | D        | Found a white marble altar of Elyvilon.
    49 | D        | Found a blossoming altar of Fedhas.
    49 | D        | Found an opulent altar of Gozag.
    50 | D        | Found a hazy altar of Hepliaklqana.
    51 | D        | Found a viscous altar of Jiyva.
    52 | D        | Found an ancient bone altar of Kikubaaqudgha.
    53 | D        | Found a corrupted altar of Lugonu.
    54 | D        | Found a burning altar of Makhleb.
    55 | D        | Found a sparkling altar of Nemelex Xobeh.
    56 | D        | Found an iron altar of Okawaru.
    57 | D        | Became a worshipper of Gozag Ym Sagoz the Greedy
    58 | D        | Found a stormy altar of Qazlal.
    59 | D        | Found a sacrificial altar of Ru.
    60 | D        | Found a shimmering blue altar of Sif Muna.
    61 | D        | Found a bloodstained altar of Trog.
    62 | D        | Found a hide-covered altar of Uskayaw.
    63 | D        | Found a radiant altar of Vehumet.
    64 | D        | Found an ornate altar of the Wu Jian Council.
    65 | D        | Found a shimmering altar of Xom.
    66 | D        | Found a basalt altar of Yredelemnul.
    67 | D        | Found a glowing silver altar of Zin.
    68 | D        | Found a glowing golden altar of the Shining One.
    76 | D        | Found the +13 scythe of Curses {drain, curses, ^Drain}
   118 | D        | Noticed a wyvern
   118 | D        | Noticed a yak
   118 | D        | Noticed a wraith
   118 | D        | Noticed a yak
   118 | D        | Noticed an orc warrior
   121 | D        | Killed an orc warrior
   122 | D        | Reached skill level 10 in Polearms
   122 | D        | Reached XP level 5. HP: 44/53 MP: 4/4
   123 | D        | Killed a yak
   124 | D        | Reached skill level 11 in Polearms
   124 | D        | Reached XP level 6. HP: 53/63 MP: 5/5
   127 | D        | Reached skill level 12 in Polearms
   129 | D        | Killed a wraith
   130 | D        | Reached skill level 13 in Polearms
   130 | D        | Reached XP level 7. HP: 54/71 MP: 6/6
   130 | D        | Killed a yak
   131 | D        | Reached skill level 10 in Fighting
   131 | D        | Reached skill level 10 in Armour
   133 | D        | Killed a wyvern
   134 | D        | Reached skill level 14 in Polearms
   180 | D        | Noticed a deep elf pyromancer
   180 | D        | Noticed a cyclops
   180 | D        | Noticed a brown ugly thing
   180 | D        | Noticed a wraith
   180 | D        | Noticed a troll
   183 | D        | Killed a troll
   184 | D        | Reached XP level 8. HP: 82/82 MP: 7/7
   188 | D        | Killed a brown ugly thing
   189 | D        | Reached skill level 15 in Polearms
   195 | D        | Reached skill level 16 in Polearms
   198 | D        | Killed a cyclops
   199 | D        | Reached XP level 9. HP: 73/92 MP: 8/8
   205 | D        | Killed a deep elf pyromancer
   206 | D        | Reached skill level 17 in Polearms
   456 | D        | Noticed a cane toad
   457 | D        | Noticed a five-headed hydra
   465 | D        | Noticed a cane toad
   467 | D        | Killed a seven-headed hydra
   468 | D        | Reached skill level 18 in Polearms
   471 | D        | Killed a cane toad
   475 | D        | Killed a cane toad
   476 | D        | Reached skill level 19 in Polearms
   522 | D        | Noticed an elephant
   522 | D        | Noticed a skyshark
   522 | D        | Noticed a four-headed hydra
   525 | D        | Reached XP level 10. HP: 104/104 MP: 9/9
   529 | D        | Killed a six-headed hydra
   530 | D        | Reached skill level 20 in Polearms
   534 | D        | Killed a skyshark
   535 | D        | Reached skill level 15 in Fighting
   535 | D        | Reached skill level 15 in Armour
   537 | D        | Killed an elephant
   556 | D        | Reached skill level 21 in Polearms
   781 | D        | Noticed an orc knight
   785 | D        | Reached XP level 11. HP: 94/114 MP: 10/10
   799 | D        | Killed an orc knight
   800 | D        | Reached skill level 22 in Polearms
  1025 | D        | Noticed an orc high priest
  1075 | D        | HP: 1/113 [orc high priest/divine providence (10)]
  1076 | D        | Slain by an ice devil

Illustrated notes

Levels and vault maps discovered:
D:        linesprint [early_d, line_temple, items_1, d_10, items_2, lair_1,
          lair_end, items_3, orc_1, orc_end, items_4, d_15, swamp_1, shoals_1,
          snake_1, spider_1, d_20, vaults_1, items_5, swamp_end, shoals_end,
          snake_end, spider_end, vaults_end, d_27, items_6, zot_1, zot_end,
          crypt_end, forest_end, elf_end, slime_end, tomb_end, abyss_end,
          pan_hell_end]

Skill      XL: |  1  2  3  4  5  6  7  8  9 10 11 |
---------------+----------------------------------+-----
Polearms       | 4 6 7 10 11 13 14 16 19 21 22 | 22.3
Fighting       | 4 5 6 7 9 11 12 14 16 | 16.6
Armour         | 4 5 6 7 9 11 12 14 16 | 16.6
Shields        | |  3.6

Action                     |  1- 3 |  4- 6 |  7- 9 | 10-12 || total
---------------------------+-------+-------+-------+-------++-------
  Melee: Trident           |    27 |     5 |       |       ||    32
         Headbutt          |     5 |     3 |     5 |    20 ||    33
         Scythe            |       |    11 |    42 |    90 ||   143
    Use: Potion            |       |       |     1 |    10 ||    11
 Armour: Scale mail        |     9 |     4 |       |       ||    13
         Plate armour      |       |     9 |    41 |    70 ||   120
  Dodge: Dodged            |     8 |     8 |    14 |    38 ||    68
  Block: Buckler           |     8 |     1 |       |       ||     9
